Unix NetHack Version 5.0.0-0 post-release - last build May  4 2026 22:22:43 (774f63e81ad911689b3a0859ea89b322d5daca8d,branch:main).

Game began 2026-05-05 17:06:40, ended 2026-05-05 17:26:42.

2459783kj, chaotic male human Rogue

                             ----  ----
      ------ ---             |..-- |..--
      |...^....|            --...|--...|
 ------.---- ..|            |.G.-|....-
--......|    - |            |h.-||....|
|....----                   |.G.--...--
--...---                    --@.....--
 --....--                    |G.....|
  --<...|                    -..--.--
   -....|                   -..-----
  |...---                   ...
  |..--                    ....
  ----                   -......
                         .....---
                         ----.
                            -.
                             .
                             .
                            --

2459783kj the Cutpurse  St:11 Dx:18 Co:15 In:12 Wi:9 Ch:10  Chaotic
Dlvl:3  $:20 HP:0(23) Pw:9(9) AC:7  Xp:3 T:774 

Latest messages:
 The elven dagger misses the dwarf.
 The elven dagger hits the gnome.
 The gnome is killed!
 You see here an elven dagger.
 The dwarf thrusts his dagger.
 The dwarf hits!
 You hit the dwarf!
 The dwarf thrusts his dagger.
 The dwarf hits!
 You kill the dwarf!
 Welcome to experience level 3.
 The hobbit hits!
 The gnome lord throws 2 daggers!
 You are hit by the 1st dagger.
 The 2nd dagger misses you.
 The hobbit picks up a pair of hard shoes.
 The hobbit picks up 2 daggers.
 The gnome lord picks up a dagger.
 The gnome lord picks up an elven dagger.
 The hobbit wields 2 daggers!
 The daggers weld themselves to the hobbit's hand!
 You hit the hobbit.
 The hobbit thrusts one of his daggers.
 The hobbit just misses!
 The gnome lord throws an elven dagger!
 The elven dagger misses the hobbit.
 You are hit by an elven dagger.
 Are you sure you want to pray? [yn] (n) y
 You begin praying to Kos.
 You are surrounded by a shimmering light.
 The hobbit starts to attack you, but pulls back.
 The gnome lord wields a dagger!
 The hobbit starts to attack you, but pulls back.
 The hobbit starts to attack you, but pulls back.
 You finish your prayer.
 You feel that Kos is pleased.
 The hobbit thrusts one of his daggers.
 The hobbit hits!
 The gnome lord picks up an elven dagger.
 The hobbit thrusts one of his daggers.
 The hobbit misses!
 The gnome lord wields an elven dagger!
 The gnome thrusts one of her daggers.
 The gnome hits!
 You die...
 Do you want your possessions identified? [ynq] (y) n
 Do you want to see your attributes? [ynq] (y) n
 Do you want an account of creatures vanquished? [ynaq] (y) n
 Do you want to see your conduct and achievements? [ynq] (y) n
 Do you want to see the dungeon overview? [ynq] (y) n

Inventory:
 Coins    ('$')
  $ - 20 gold pieces
 Weapons  (')')
  p - 11 cursed -5 arrows
  q - a cursed +0 sling
  b - 11 +0 daggers (alternate weapons; not wielded)
  g - a +0 orcish dagger
  r - a cursed +0 spear
  a - a +0 short sword (weapon in right hand)
 Armor    ('[')
  h - an uncursed +0 orcish helm
  c - an uncursed +1 leather armor (being worn)
 Comestibles  ('%')
  s - an uncursed partly eaten cram ration
  j - 2 uncursed food rations
  n - 2 uncursed sprigs of wolfsbane
 Scrolls  ('?')
  t - an uncursed scroll of blank paper
  m - an uncursed scroll of enchant weapon
  o - an uncursed scroll of remove curse
 Potions  ('!')
  l - a blessed potion of confusion
  d - an uncursed potion of sickness
 Wands    ('/')
  k - a wand of slow monster (0:4)
 Tools    ('(')
  f - an empty uncursed sack
  u - an uncursed bugle
  e - an uncursed lock pick
 Gems/Stones  ('*')
  v - an uncursed worthless piece of yellow glass

2459783kj the Rogue's attributes:

Background:
 You were a Cutpurse, a level 3 male human Rogue.
 You were chaotic, on a mission for Kos
 who was opposed by Issek (lawful) and Mog (neutral).
 You were right-handed.
 You were in the Gnomish Mines, on level 3.
 You entered the dungeon 774 turns ago.
 You had 40 experience points, 40 more were needed to attain level 4.

Basics:
 You had 0 out of 23 hit points.
 You had all 9 energy points (spell power).
 Your armor class was 7.
 Your wallet contained 20 zorkmids.
 Autopickup was off.

Final Characteristics:
 Your strength was 11 (limit:18/100).
 Your dexterity was 18 (limit:18).
 Your constitution was 15 (limit:18).
 Your intelligence was 12 (limit:18).
 Your wisdom was 9 (limit:18).
 Your charisma was 10 (limit:18).

Final Status:
 You weren't hungry.
 You were unencumbered.
 You were wielding a short sword.
 You had basic skill with short sword.

Final Attributes:
 You were fervently aligned.
 You saw invisible.
 You were stealthy.
 You were warded.
 You are dead.

Miscellaneous:
 You didn't encounter any bones levels.
 Total elapsed playing time was 19 minutes and 59 seconds.

Major events:
 Turn
    1: 2459783kj the chaotic male human Rogue entered the dungeon
  711: entered the Gnomish Mines
  759: attained the rank of Cutpurse (level 3)
  774: killed by a gnome

You didn't know any spells.

Skills:
 Fighting Skills
   bare handed combat [Unskilled]
   two weapon combat  [Unskilled]
   riding             [Unskilled]
 Weapon Skills
   dagger             [Basic]
   knife              [Unskilled]
   short sword        [Basic]
   broadsword         [Unskilled]
   long sword         [Unskilled]
   two-handed sword   [Unskilled]
   saber              [Unskilled]
   club               [Unskilled]
   mace               [Unskilled]
   morning star       [Unskilled]
   flail              [Unskilled]
   hammer             [Unskilled]
   polearms           [Unskilled]
   spear              [Unskilled]
   crossbow           [Unskilled]
   dart               [Unskilled]
   shuriken           [Unskilled]
 Spellcasting Skills
   divination spells  [Unskilled]
   escape spells      [Unskilled]
   matter spells      [Unskilled]

Voluntary challenges:
 Character rerolling was not enabled.
 You followed a strict vegan diet.
 You were illiterate.
 You never genocided any monsters.
 You never polymorphed an object.
 You never changed form.
 You used no wishes.
Achievements:
 You entered a shop.
 You entered the Gnomish Mines.
 You attained the rank of Cutpurse.

 The Dungeons of Doom: levels 1 to 2
    Level 1:
       A fountain.
    Level 2:
       A scroll shop.
       Stairs down to The Gnomish Mines.
 The Gnomish Mines:
    Level 3: <- You were here.
       Final resting place for
          you, killed by a gnome.


Vanquished creatures:
  a dwarf
  4 gnomes
  2 jackals
  a fox
  a kobold
  a goblin
  a sewer rat
  2 grid bugs
  a newt
14 creatures vanquished.

No species were genocided or became extinct.

Game over:
                       ----------
                      /          \
                     /    REST    \
                    /      IN      \
                   /     PEACE      \
                  /                  \
                  |    2459783kj     |
                  |      20 Au       |
                  |   killed by a    |
                  |      gnome       |
                  |                  |
                  |                  |
                  |       2026       |
                 *|     *  *  *      | *
        _________)/\\_//(\/(/\)/\//\/|_)_______

Goodbye 2459783kj the Rogue...

You died in The Gnomish Mines on dungeon level 3 with 278 points,
and 20 pieces of gold, after 774 moves.
You were level 3 with a maximum of 23 hit points when you died.

